 Dungeon Crawl Stone Soup version 0.21.1-1-g345015f (webtiles) character file.

86 iamserjio the Charmwright (level 4, -2/38 HPs)
             Began as a Gnoll Skald on June 24, 2018.
             Slain by Blork the orc
             ... wielding a +1 trident of protection
              (9 damage)
             ... on level 4 of the Dungeon.
             The game lasted 00:03:13 (325 turns).

iamserjio the Charmwright (Gnoll Skald)              Turns: 325, Time: 00:03:13

Health: -2/38      AC:  3    Str: 14    XL:     4   Next: 49%
Magic:  5/11       EV: 14    Int: 16    God:
Gold:   35         SH:  0    Dex: 14    Spells: 2/13 levels left

rFire    . . .     SeeInvis .   a - +0 hand axe
rCold    . . .     Gourm    .   (no shield)
rNeg     . . .     Faith    .   b - +0 leather armour
rPois    .         Spirit   .   (no helmet)
rElec    .         Reflect  .   (no cloak)
rCorr    .         Harm     .   (no gloves)
MR       .....                  (no boots)
Stlth    +.........             (no amulet)
HPRegen  0.12/turn              (no ring)
MPRegen  0.12/turn              (no ring)

@: no status effects
A: distributed training, fangs 1, strong nose
a: no special abilities


You were on level 4 of the Dungeon.
You were not hungry.

You visited 1 branch of the dungeon, and saw 5 of its levels.

You collected 35 gold pieces.

Inventory:

Hand Weapons
 a - a +0 hand axe (weapon)
 h - a +2 dagger of speed
 o - a +0 fustibalus
Missiles
 m - 8 javelins (quivered)
Armour
 b - a +0 leather armour (worn)
 e - a +0 helmet
Scrolls
 g - 2 scrolls of teleportation {unknown}
 i - a scroll of amnesia {unknown}
 k - a scroll of identify {unknown}
 n - a scroll of blinking {unknown}
Potions
 f - a potion of curing {unknown}
 j - a potion of might {unknown}
 l - a potion of mutation {unknown}
 p - a potion of haste {unknown}
Books
 c - a book of Battle

   Spells                             Type                      Level
   a - Infusion                       Charms                       1
   b - Shroud of Golubria             Charms/Translocation         2
   c - Song of Slaying                Charms                       2
   d - Spectral Weapon                Hexes/Charms                 3
   e - Regeneration                   Charms/Necromancy            3
Comestibles
 d - 3 rations


   Skills:
 + Level 4.6 Fighting
 + Level 1.1 Short Blades
 + Level 1.1 Long Blades
 + Level 4.6 Axes
 + Level 1.1 Maces & Flails
 + Level 1.1 Polearms
 + Level 1.1 Staves
 + Level 1.1 Slings
 + Level 1.1 Bows
 + Level 1.1 Crossbows
 + Level 1.1 Throwing
 + Level 2.7 Armour
 + Level 4.6 Dodging
 + Level 1.1 Stealth
 + Level 1.1 Shields
 + Level 1.1 Unarmed Combat
 + Level 5.1 Spellcasting
 + Level 0.9 Conjurations
 + Level 0.9 Hexes
 + Level 5.4 Charms
 + Level 0.9 Summonings
 + Level 0.9 Necromancy
 + Level 0.9 Translocations
 + Level 0.9 Transmutations
 + Level 0.9 Fire Magic
 + Level 0.9 Ice Magic
 + Level 0.9 Air Magic
 + Level 0.9 Earth Magic
 + Level 0.9 Poison Magic
 + Level 1.2 Invocations
 + Level 1.1 Evocations


You had 2 spell levels left.
You knew the following spells:

 Your Spells              Type           Power        Failure   Level  Hunger
a - Infusion              Chrm           ###.         1%          1    None
b - Song of Slaying       Chrm           ###.....     3%          2    #......
c - Shroud of Golubria    Chrm/Tloc      ##........   8%          2    #......
d - Regeneration          Chrm/Necr      ##........   14%         3    ###....
e - Spectral Weapon       Hex/Chrm       ##......     14%         3    ###....


Dungeon Overview and Level Annotations

Branches:
Dungeon (5/15)
 Temple: D:4-7

Altars:
Dithmenos
Hepliaklqana
Kikubaaqudgha
Nemelex Xobeh
Uskayaw
Wu Jian

Annotations:
D:4 Blork the orc


Innate Abilities, Weirdness & Mutations

Your experience applies equally to all skills.
You have very sharp teeth.
Your uncanny sense of smell can sniff out nearby items.


Message History

Unknown command.
You hit Blork the orc but do no damage.
Blork the orc is lightly wounded.
Your spectral weapon hits Blork the orc.
Blork the orc hits you with a trident of protection.
Blork the orc misses you.
You slash Blork the orc!
Blork the orc is heavily wounded.
Your spectral weapon barely misses Blork the orc.
Blork the orc hits you with a trident of protection.
* * * LOW HITPOINT WARNING * * *
Your shroud falls apart!
Casting: Shroud of Golubria
Confirm with . or Enter, or press ? or * to list all spells.
Okay, then.
Casting: Shroud of Golubria
Confirm with . or Enter, or press ? or * to list all spells.
Space distorts slightly along a thin shroud covering your body.
Blork the orc hits you with a trident of protection!
You die...

#.#.#.###.># #.
#.....# #..# #.
###.### #.<# #. #.#
#..# #.#### #.# #..#
#...######.#####.>##
#..............#....
#.#..(######.###.##.##
#...@o......# #......
############# ####.##
#... .... .... ....
..... ..#


You could see Blork the orc and a friendly spectral hand axe.

Vanquished Creatures
  An iguana (D:4)
  Natasha (D:2)
  2 adders (D:2)
  An ooze (D:2)
  A worm (D:3)
  A leopard gecko (D:3)
  2 goblins (D:2)
  2 kobolds
  A frilled lizard (D:2)
  A rat (D:3)
13 creatures vanquished.

Notes
Turn   | Place    | Note
-------+----------+-------------------------------------------
     0 | D:1      | iamserjio the Gnoll Skald began the quest for the Orb.
     0 | D:1      | Reached XP level 1. HP: 20/20 MP: 6/6
    23 | D:2      | Reached XP level 2. HP: 22/26 MP: 0/7
    36 | D:2      | Reached XP level 3. HP: 28/31 MP: 0/9
    40 | D:2      | Learned a level 2 spell: Song of Slaying
    43 | D:2      | Learned a level 2 spell: Shroud of Golubria
    47 | D:2      | Learned a level 3 spell: Regeneration
    51 | D:2      | Learned a level 3 spell: Spectral Weapon
    60 | D:2      | Found a shadowy altar of Dithmenos.
    66 | D:2      | Noticed Natasha
    77 | D:2      | Killed Natasha
    77 | D:2      | Reached skill level 5 in Spellcasting
    77 | D:2      | Reached skill level 1 in Invocations
   109 | D:2      | Reached skill level 1 in Short Blades
   109 | D:2      | Reached skill level 1 in Long Blades
   109 | D:2      | Reached skill level 1 in Maces & Flails
   109 | D:2      | Reached skill level 1 in Polearms
   109 | D:2      | Reached skill level 1 in Staves
   109 | D:2      | Reached skill level 1 in Slings
   109 | D:2      | Reached skill level 1 in Bows
   109 | D:2      | Reached skill level 1 in Crossbows
   109 | D:2      | Reached skill level 1 in Throwing
   109 | D:2      | Reached skill level 1 in Stealth
   109 | D:2      | Reached skill level 1 in Shields
   109 | D:2      | Reached skill level 1 in Unarmed Combat
   109 | D:2      | Reached skill level 1 in Evocations
   118 | D:3      | Found an ornate altar of the Wu Jian Council.
   118 | D:3      | Found a hide-covered altar of Uskayaw.
   118 | D:3      | Found a sparkling altar of Nemelex Xobeh.
   122 | D:3      | Found an ancient bone altar of Kikubaaqudgha.
   126 | D:3      | Found a hazy altar of Hepliaklqana.
   136 | D:3      | Reached XP level 4. HP: 20/38 MP: 3/11
   246 | D:5      | Entered Level 5 of the Dungeon
   311 | D:4      | Noticed Blork the orc
   325 | D:4      | Slain by Blork the orc

Skill      XL: |  1  2  3 |
---------------+----------+-----
Spellcasting   | 5 |  5.1
Invocations    | 1 |  1.2
Short Blades   | 1 |  1.1
Long Blades    | 1 |  1.1
Maces & Flails | 1 |  1.1
Polearms       | 1 |  1.1
Staves         | 1 |  1.1
Slings         | 1 |  1.1
Bows           | 1 |  1.1
Crossbows      | 1 |  1.1
Throwing       | 1 |  1.1
Stealth        | 1 |  1.1
Shields        | 1 |  1.1
Unarmed Combat | 1 |  1.1
Evocations     | 1 |  1.1
Fighting       | |  4.6
Axes           | |  4.6
Armour         | |  2.7
Dodging        | |  4.6
Conjurations   | |  0.9
Hexes          | |  0.9
Charms         | |  5.4
Summonings     | |  0.9
Necromancy     | |  0.9
Translocations | |  0.9
Transmutations | |  0.9
Fire Magic     | |  0.9
Ice Magic      | |  0.9
Air Magic      | |  0.9
Earth Magic    | |  0.9
Poison Magic   | |  0.9

Action                   |  1- 3 |  4- 6 || total
-------------------------+-------+-------++-------
Melee: Hand axe          |    35 |    17 ||    52
       Bite              |     4 |     2 ||     6
 Cast: Infusion          |     1 |     1 ||     2
       Spectral Weapon   |     2 |     1 ||     3
       Song of Slaying   |     1 |     1 ||     2
       Shroud of Golubri |       |     3 ||     3
       Regeneration      |       |     1 ||     1
Armor: Leather armour    |     4 |     1 ||     5
Dodge: Dodged            |    26 |    11 ||    37
